 Dungeon Sprint DCSS version 0.26-a0-778-g3fe0686644 (webtiles) character file.

Game seed: 11331166606356540303

81 sahdkjhfkaj the Thaumaturge (level 4, -4/24 HPs)
             Began as a Deep Elf Conjurer on Nov 9, 2020.
             Killed from afar by a deep elf mage (28 damage)
             ... with a bolt of lightning
             ... in the Dungeon (Sprint III: "The Ten Rune Challenge").
             The game lasted 00:01:26 (583 turns).

sahdkjhfkaj the Thaumaturge (Deep Elf Conjurer)      Turns: 583, Time: 00:01:26

Health: -4/24      AC:  2    Str:  4    XL:     4   Next: 20%
Magic:  6/16       EV: 13    Int: 24    God:
Gold:   30         SH:  0    Dex: 13    Spells: 8/19 levels left

rFire    . . .     SeeInvis .   (no weapon)
rCold    . . .     Faith    .   (no shield)
rNeg     . . .     Spirit   .   a - +0 robe
rPois    .         Reflect  .   (no helmet)
rElec    .         Harm     .   (no cloak)
rCorr    .         Rampage  .   (no gloves)
MR       .....     NoTele   +   (no boots)
Stlth    ++........             (no amulet)
HPRegen  0.08/turn              (no ring)
MPRegen  0.15/turn              (no ring)

@: no status effects
A: no striking features
a: no special abilities


You were in the Dungeon.
You visited 1 branch You collected 30 gold pieces.

Inventory:

Armour
 a - a +0 robe (worn)
Scrolls
 b - 2 scrolls of torment {!r, unknown}
 g - 2 scrolls of identify {!r, unknown}
 i - 4 scrolls of remove curse {!r}
Potions
 c - a potion of curing {!q}
 e - a potion of haste {!q}
 f - 2 potions of magic {!q}
 j - 3 potions of flight {!q}
 k - 5 potions of mutation {!q}


   Skills:
 - Level 2.4 Dodging
 - Level 2.4 Stealth
 - Level 8.2 Spellcasting
 - Level 7.8 Conjurations
 + Level 0.0 Hexes
 + Level 0.0 Translocations


You had 8 spell levels left.
You knew the following spells:

 Your Spells              Type           Power        Failure   Level
a - Magic Dart            Conj           ####         1%          1
b - Searing Ray           Conj           #####.       1%          2
f - Fulminant Prism       Conj/Hex       ####......   13%         4
M - Iskenderun's Mystic   Conj/Tloc      ####....     13%         4

Your spell library contained the following spells:

 Spells                   Type           Power        Failure   Level
 Dazzling Flash           Conj/Hex       ####..       3%          3
 Animate Skeleton         Necr           #.....       6%          1
 Apportation              Tloc           #.....       6%          1
 Corona                   Hex            #......      6%          1
 Summon Small Mammal      Summ           #...         6%          1


Dungeon Overview and Level Annotations

Branches:
Dungeon (1/1)

Altars:
Elyvilon
Kikubaaqudgha
Sif Muna
Vehumet
Zin
The Shining One


Message History

You feel much better.
The deep elf mage casts a spell.
The deep elf mage blinks!
Your fulminant prism explodes!
Casting: Searing Ray (safe; 1% risk of failure)
Confirm with . or Enter, or press ? or * to list all spells.
Aiming: Searing Ray (safe; 1% risk of failure)
Press: ? - help, Shift-Dir - straight line, f/p - deep elf mage
Aim: a deep elf mage, wielding a +1 long sword of holy wrath (moderately wounded)
The searing ray misses the deep elf mage. (Press . to maintain the ray.)
The deep elf mage closely misses you.
The searing ray hits the deep elf mage!
The deep elf mage is heavily wounded.
The deep elf mage hits you but does no damage.
The searing ray misses the deep elf mage.
The deep elf mage casts a spell at you. The bolt of lightning hits you!!
Ouch! That really hurt!
You die...

▓▓▓▓▓▓ ▓▓▓ '....♣♣
♣.#### #.....♣♣ ♣♣.#___
#......♣ ♣..#!..
#....≈.♣♣♣..###'#+###+##
#†..≈≈.♣.♣..#...@......#
#..≈≈≈≈♣....+.⌠..e.....#
#..≈≈≈≈≈≈...#..)######+#
#.≈≈≈≈≈≈....#.⌠.#
#.≈≈≈≈≈..E..#...#
#.≈≈≈.......#)###
#...........#...#
............#___#
▓▓▓▓▓▓▓▓▓▓▓▓▓▓▓▓▓


You could see a deep elf mage.

Vanquished Creatures
  A wizard (D)
  A human (D)
  A kobold demonologist (D)
  A wolf (D)
  4 rats (D)
8 creatures vanquished.

Vanquished Creatures (others)
  A fulminant prism (D)
  A plant (D)
2 creatures vanquished.

Grand Total: 10 creatures vanquished

Notes
Turn   | Place    | Note
-------+----------+-------------------------------------------
     0 | D        | sahdkjhfkaj the Deep Elf Conjurer began the quest for the
                  | Orb.
     0 | D        | Reached XP level 1. HP: 10/10 MP: 6/6
    78 | D        | Reached skill level 4 in Spellcasting
   115 | D        | Reached skill level 5 in Spellcasting
   115 | D        | Reached XP level 2. HP: 15/15 MP: 1/10
   224 | D        | Learned a level 2 spell: Searing Ray
   229 | D        | Reached skill level 6 in Spellcasting
   229 | D        | Reached XP level 3. HP: 19/19 MP: 9/13
   299 | D        | Noticed a water elemental
   479 | D        | Found a radiant altar of Vehumet.
   480 | D        | Found a shimmering blue altar of Sif Muna.
   480 | D        | Found an ancient bone altar of Kikubaaqudgha.
   480 | D        | Noticed a wizard
   483 | D        | Killed a wizard
   483 | D        | Reached skill level 7 in Spellcasting
   486 | D        | Reached skill level 8 in Spellcasting
   486 | D        | Reached XP level 4. HP: 24/24 MP: 6/16
   571 | D        | Learned a level 4 spell: Fulminant Prism
   576 | D        | Learned a level 4 spell: Iskenderun's Mystic Blast
   577 | D        | Found a glowing silver altar of Zin.
   577 | D        | Found a glowing golden altar of the Shining One.
   577 | D        | Found a white marble altar of Elyvilon.
   577 | D        | Noticed a deep elf mage
   583 | D        | Killed from afar by a deep elf mage

Illustrated notes

Levels and vault maps discovered:
D:        dungeon_sprint_mu [sprint_mu_entry_forest, sprint_mu_temple_rooms,
          sprint_mu_d1_spiders, sprint_mu_d2_genie, sprint_mu_d3_branching,
          sprint_mu_orc_legion, sprint_mu_elf_gauntlet, sprint_mu_hive_nellie,
          sprint_mu_lair_fedhas, sprint_mu_vaults_butterflies,
          sprint_mu_slime_circle, sprint_mu_swamp_cave, sprint_mu_shoals_kraken,
          sprint_mu_blade_basic, sprint_mu_crypt_chambers,
          sprint_mu_tomb_spiral, sprint_mu_vestibule_basic,
          sprint_mu_gehenna_hellfire, sprint_mu_dis_giant,
          sprint_mu_tartarus_statrot, sprint_mu_cocytus_islands, sprint_mu_zot1]

Skill      XL: |  1  2  3 |
---------------+----------+-----
Spellcasting   | 5 6 8 |  8.2
Conjurations   | 6 7 |  7.8
Dodging        | |  2.4
Stealth        | |  2.4

Action                   |  1- 3 |  4- 6 || total
-------------------------+-------+-------++-------
Melee: Unarmed           |     2 |       ||     2
 Cast: Magic Dart        |    14 |       ||    14
       Searing Ray       |     4 |     2 ||     6
       Fulminant Prism   |       |     1 ||     1
  Use: Potion            |     1 |     1 ||     2
       Scroll            |     1 |       ||     1
Armor: Robe              |       |     1 ||     1
Dodge: Dodged            |     7 |     1 ||     8

Table legend: (Time is in decaauts)
 A = Elapsed time spent in this place.
 B = Non-inter-level travel time spent in this place.
 C = Inter-level travel time spent in this place.
 D = Time resting spent in this place.
 E = Time spent auto-exploring this place.
 F = Levels seen in this place.
 G = Mean time per level.
                   A        B        C        D        E       F      G
               +--------+--------+--------+--------+--------+-----+--------+
         Total |    593 |    593 |      0 |    374 |     92 |   1 |  593.0 |
       Dungeon |    593 |    593 |      0 |    374 |     92 |   1 |  593.0 |
               +--------+--------+--------+--------+--------+-----+--------+

Top non-repeatable levels by time:
       D: 593 daAuts
